 Dungeon Crawl Stone Soup version 0.28-a0-533-g9f97627e2a (webtiles) character file.

Game seed: 14304007049367333992

184 barkas the Vexing (level 5, 0/46 HPs)
             Began as a Naga Arcane Marksman on Sept 25, 2021.
             Killed from afar by an orc wizard (8 damage)
             ... with a magic dart
             ... on level 4 of the Dungeon.
             The game lasted 00:05:36 (3690 turns).

barkas the Vexing (Naga Arcane Marksman)            Turns: 3690, Time: 00:05:37

Health: 0/46       AC:  2    Str: 12    XL:     5   Next: 64%
Magic:  1/7        EV: 10    Int: 14    God:
Gold:   82         SH:  0    Dex: 12    Spells: 2/7 levels left

rFire   . . .      SeeInvis +   b - +1 short sword (venom)
rCold   . . .      Faith    .   (no shield)
rNeg    . . .      Spirit   .   d - +0 robe
rPois   +          Reflect  .   (no helmet)
rElec   .          Harm     .   (no cloak)
rCorr   .          Rampage  .   (no gloves)
Will    .....                   (no barding)
Stlth   +.........              (no amulet)
HPRegen 0.15/turn               (no ring)
MPRegen 0.10/turn               (no ring)

@: very slightly contaminated, slowed, very slow
A: AC +1, large, see invisible, deformed body, poison resistance, slowness 2,
spit poison 1, naga tail 1
a: Spit Poison


You were on level 4 of the Dungeon.
You visited 1 branch of the dungeon, and saw 4 of its levels.

You collected 82 gold pieces.

Inventory:

Hand Weapons
 a - a +0 shortbow
 b - a +1 short sword of venom (weapon)
 f - a +0 dagger
 m - a +4 dagger
 w - a +1 mace of protection
Missiles
 c - 96 arrows
 s - 6 poisoned darts
Armour
 d - a +0 robe (worn)
Jewellery
 g - a ring of positive energy
Scrolls
 i - a scroll of amnesia {unknown}
 j - a scroll of enchant armour {unknown}
 k - 2 scrolls of teleportation {unknown}
 l - a scroll of noise {unknown}
 n - a scroll of magic mapping {unknown}
 p - a scroll of identify {unknown}
Potions
 e - 4 potions of curing
 h - a potion of flight {unknown}
 o - 2 potions of cancellation {unknown}
 q - a potion of experience {unknown}
 r - a potion of resistance {unknown}


   Skills:
 + Level 2.3 Fighting
 * Level 3.6 Bows
 - Level 1.5 Dodging
 + Level 0.6 Stealth
 + Level 1.6 Spellcasting
 + Level 1.0 Conjurations
 + Level 3.7 Hexes


You had 2 spell levels left.
You knew the following spells:

 Your Spells              Type           Power      Damage    Failure   Level
a - Slow                  Hex            11%        N/A       8%          2
b - Dazzling Flash        Conj/Hex       14%        N/A       28%         3

Your spell library contained the following spells:

 Spells                   Type           Power      Damage    Failure   Level
 Freeze                   Ice            4%         1d3       24%         1
 Inner Flame              Hex/Fire       6%         N/A       34%         3
 Portal Projectile        Hex/Tloc       12%        N/A       34%         3
 Cause Fear               Hex            5%         N/A       45%         4
 Frozen Ramparts          Ice            2%         1d2       58%         3
 Hailstorm                Conj/Ice       2%         3d3       89%         4
 Iskenderun's Mystic Bla  Conj/Tloc      2%         2d3       89%         4
 Starburst                Conj/Fire      1%         6d3       100%        6


Dungeon Overview and Level Annotations

Branches:
Dungeon (4/15)
 Temple: D:4-7

Altars:
Ashenzari
Kikubaaqudgha
Vehumet
The Shining One

Shops:
D:2 =

Annotations:
D:2 1 runed translucent door, Crazy Yiuf


Innate Abilities, Weirdness & Mutations

Your serpentine skin is tough. (AC +1)
You have supernaturally acute eyesight. (SInv)
Armour fits poorly on your strangely shaped body.
Your system is resistant to poisons. (rPois)
You cover ground very slowly.
You can spit poison.
You have a snake-like lower body.


Message History

You are very lightly contaminated with residual magic.
You feel off-balance for a moment.
You feel yourself slow down.
The orc wizard hits you with a +0 dagger.
Casting: Dazzling Flash (quite dangerous; 28% risk of failure)
Confirm with . or Enter, or press ? or * to list all spells.
The spell is quite dangerous to cast (28% risk of failure)!
Continue anyway?
Casting: Dazzling Flash (quite dangerous; 28% risk of failure)
Press: ? - help, Dir - look around, f - activate The orc wizard hits you with a +0 dagger. x2
The orc wizard barely misses you.
Unknown command.
Unknown command.
Unknown command.
Press: ? - help, v - describe, . - travel
Here: an orc wizard, wielding a +0 dagger and wearing a +0 robe An open door.
Unknown command.
Unknown command.
Your +1 short sword of venom begins to drip with poison!
b - a +1 short sword of venom (weapon)
The orc wizard hits you with a +0 dagger.
The orc wizard gestures wildly while chanting.
The orc wizard flickers and vanishes for a moment.
You closely miss the orc wizard.
The orc wizard is moderately wounded.
You have got your breath back.
The orc wizard hits you but does no damage.
The orc wizard hits you with a +0 dagger. x2
The orc wizard barely misses you.
You hit the orc wizard but do no damage.
The orc wizard is heavily wounded.
The orc wizard casts a spell at you. The magic dart hits you!
* * * LOW HITPOINT WARNING * * *
The orc wizard barely misses you.
The orc wizard hits you with a +0 dagger.
* * * LOW HITPOINT WARNING * * *
The orc wizard gestures at you while chanting.
The magic dart hits you!
You die...

.. .......#.
...##........
#............ ###
#####........... #._
#._.#..........# #..
#)..#...........
##+###o###'##...........
#.....o@....#...........
#....⌠.⌠....###)........
##....⌠....##.....#.....
##..⌠.⌠..##..#.).#.....
##.....##..##..<......
###.###..####..#.....
#.....## #.#......
####### #####.#.# #.###


You could see 2 orc wizards.

Vanquished Creatures
  A scorpion (D:3)
  Jessica (D:2)
  An orc wizard (D:4)
  2 adders
  A dart slug (D:2)
  4 orcs (D:3)
  4 ball pythons
  6 endoplasms
  6 giant cockroaches
  5 goblins
  2 hobgoblins
  2 quokkas
  6 bats
  3 frilled lizards
  4 kobolds
  5 rats
53 creatures vanquished.

Notes
Turn   | Place    | Note
-------+----------+-------------------------------------------
     0 | D:1      | barkas the Naga Arcane Marksman began the quest for the
                  | Orb.
     0 | D:1      | Reached XP level 1. HP: 18/18 MP: 2/2
   361 | D:1      | Reached XP level 2. HP: 25/25 MP: 3/3
  1027 | D:2      | Reached XP level 3. HP: 31/31 MP: 4/4
  1051 | D:2      | Learned a level 2 spell: Slow
  1180 | D:2      | Found a runed translucent door.
  1181 | D:2      | Noticed Crazy Yiuf
  1453 | D:2      | Noticed Jessica
  1460 | D:2      | Killed Jessica
  1461 | D:2      | Reached XP level 4. HP: 6/39 MP: 2/5
  1846 | D:2      | Found Xuusoobb's Jewellery Shoppe.
  2214 | D:2      | Learned a level 3 spell: Dazzling Flash
  2786 | D:3      | Noticed a scorpion
  2794 | D:3      | Killed a scorpion
  2795 | D:3      | Reached XP level 5. HP: 18/45 MP: 5/7
  2995 | D:3      | Found a broken altar of Ashenzari.
  3261 | D:3      | Found a glowing golden altar of the Shining One.
  3464 | D:4      | Noticed an ogre
  3561 | D:4      | Found a radiant altar of Vehumet.
  3567 | D:4      | Reached skill level 1 in Conjurations
  3682 | D:4      | Found an ancient bone altar of Kikubaaqudgha.
  3690 | D:4      | Killed from afar by an orc wizard

Illustrated notes

Levels and vault maps discovered:
D:1:      dpeg_arrival_pits, layout_basic, grunt_decor_arrowhead,
          minmay_misc_feat_plants
D:2:      layout_loops_corners, serial_shops, shop, fountainhead, uniq_jessica,
          uniq_crazy_yiuf_cottage
D:3:      layout_loops_corners, lemuel_doored_altar, tso_altar
D:4:      gammafunk_steamed_eel, layout_cave_pools,
          palyth_temple_overflow_mages, serial_shops, shop_scrolls,
          grunt_decor_junction, uniq_grinder

Skill      XL: |  1  2  3  4  5 |
---------------+----------------+-----
Bows           | 2 3 |  3.6
Fighting       | 2 |  2.3
Conjurations   | 1 |  1.0
Dodging        | |  1.5
Stealth        | |  0.6
Spellcasting   | |  1.6
Hexes          | |  3.7

Action                   |  1- 3 |  4- 6 || total
-------------------------+-------+-------++-------
Melee: Mace              |    25 |    12 ||    37
       Dagger            |     2 |       ||     2
       Short sword       |       |     8 ||     8
 Fire: Shortbow          |    12 |    13 ||    25
 Cast: Slow              |     2 |     1 ||     3
       Dazzling Flash    |       |     1 ||     1
 Abil: Spit Poison       |    24 |    20 ||    44
  Use: Potion            |       |     1 ||     1
 Stab: Sleeping          |     1 |       ||     1
Armor: Robe              |    20 |     9 ||    29
Dodge: Dodged            |    20 |    12 ||    32

Table legend: (Time is in decaauts)
 A = Elapsed time spent in this place.
 B = Non-inter-level travel time spent in this place.
 C = Inter-level travel time spent in this place.
 D = Time resting spent in this place.
 E = Time spent auto-exploring this place.
 F = Levels seen in this place.
 G = Mean time per level.
                   A        B        C        D        E       F      G
               +--------+--------+--------+--------+--------+-----+--------+
         Total |   4632 |   4421 |    211 |    444 |   3392 |   4 | 1158.0 |
       Dungeon |   4632 |   4421 |    211 |    444 |   3392 |   4 | 1158.0 |
               +--------+--------+--------+--------+--------+-----+--------+

Top non-repeatable levels by time:
     D:3: 1635 daAuts
     D:2: 1586 daAuts
     D:1: 1217 daAuts
     D:4: 193 daAuts
